 Dungeon Crawl Stone Soup version 0.29.0-11-gd7f09526c8 (webtiles) character file.

Game seed: 7048950833934655132

2783 LustLizard the Arsonist (level 9, 0/74 HPs)
             Began as a Hill Orc Fire Elementalist on Sept 3, 2022.
             Was a Follower of Beogh.
             Slain by Duvessa
             ... wielding a +0 short sword
              (11 damage)
             ... on level 6 of the Dungeon.
             The game lasted 00:20:10 (9565 turns).

LustLizard the Arsonist (HOFE)                      Turns: 9565, Time: 00:20:10

Health: 0/74       AC:  4    Str: 13    XL:     9   Next: 70%
Magic:  15/15      EV: 12    Int: 23    God:    Beogh [*.....]
Gold:   308        SH:  0    Dex: 11    Spells: 12/16 levels left

rFire   . . .      SeeInvis +   s - +0 spear (venom)
rCold   . . .      Faith    .   (no shield)
rNeg    . . .      Spirit   .   y - +2 robe {Archmagi}
rPois   .          Reflect  .   (no helmet)
rElec   +          Harm     .   (no cloak)
rCorr   +          Rampage  .   (no gloves)
Will    ++...      Archmagi +   (no boots)
Stlth   ++........              (no amulet)
HPRegen 0.22/turn               l - ring of Sesot {rElec Will++ rCorr Int+6 SInv}
MPRegen 0.14/turn               i - ring of flight

@: flying
A: no striking features
a: Renounce Religion


You were on level 6 of the Dungeon.
You worshipped Beogh.
Beogh was aware of your devotion.
You visited 1 branch of the dungeon, and saw 7 of its levels.

You collected 308 gold pieces.

Inventory:

Hand Weapons
 e - a +0 dagger
 j - a +0 short sword
 s - a +0 spear of venom (weapon)
 v - a +0 war axe
Missiles
 q - a throwing net
Armour
 a - a +0 robe
 c - a +0 leather armour
 h - a +0 ring mail
 y - a +2 robe of the Archmagi (worn)
Jewellery
 d - a ring of resist corrosion
 i - a ring of flight (right hand)
 l - the ring of Sesot (left hand) {rElec Will++ rCorr Int+6 SInv}
   (You found it on level 2 of the Dungeon)

   [ring of intelligence]

   Int:       It affects your intelligence (+6).
   rElec:     It insulates you from electricity.
   SInv:      It lets you see invisible.
   rCorr:     It protects you from acid and corrosion.
   Will:      It greatly increases your willpower.
Wands
 B - a wand of digging (3)
Scrolls
 f - a scroll of silence {unknown}
 n - 2 scrolls of teleportation
 o - 3 scrolls of noise
 u - a scroll of identify
 w - a scroll of acquirement {unknown}
 A - a scroll of amnesia {unknown}
 C - a scroll of blinking {unknown}
Potions
 b - 2 potions of magic
 g - 3 potions of degeneration {unknown}
 k - 2 potions of invisibility {unknown}
 m - 2 potions of flight
 p - 4 potions of curing
 r - 3 potions of mutation {unknown}
 t - a potion of lignification {unknown}
 x - 3 potions of haste {unknown}
 z - 2 potions of cancellation {unknown}


   Skills:
 + Level 5.6 Fighting
 - Level 1.5 Dodging
 - Level 4.0 Stealth
 + Level 4.0 Spellcasting
 * Level 7.0 Conjurations
 * Level 8.4 Fire Magic
 * Level 2.0 Invocations
 * Level 1.2 Evocations


You had 12 spell levels left.
You knew the following spells:

 Your Spells              Type           Power      Damage    Failure   Level
a - Foxfire               Conj/Fire      100%       2x1d9     1%          1
b - Conjure Flame         Conj/Fire      57%        6-21      1%          3

Your spell library contained the following spells:

 Spells                   Type           Power      Damage    Failure   Level
 Scorch                   Fire           100%       2d10      1%          2
 Flame Wave               Conj/Fire      57%        2d14      4%          4
 Inner Flame              Hex/Fire       35%        N/A       5%          3
 Ignite Poison            Fire/Tmut/Pois 26%        N/A       10%         3
 Freeze                   Ice            24%        1d5       11%         1
 Passwall                 Tmut/Erth      5%         N/A       16%         2
 Hailstorm                Conj/Ice       31%        3d8       24%         4
 Frozen Ramparts          Ice            12%        1d2       30%         3
 Gell's Gravitas          Tloc           6%         N/A       30%         3
 Teleport Other           Tloc           6%         N/A       30%         3
 Dispel Undead            Necr           6%         3d8       71%         4
 Olgreb's Toxic Radiance  Pois           6%         N/A       71%         4
 Petrify                  Tmut/Erth      6%         N/A       71%         4
 Dispersal                Tloc           3%         N/A       100%        6
 Ozocubu's Refrigeration  Ice            3%         4d8       100%        7
 Storm Form               Tmut/Air       3%         N/A       100%        7
 Ignition                 Fire           30%        3d10      100%        8


Dungeon Overview and Level Annotations

Branches:
Dungeon (7/15)             Temple (0/1) D:6

Altars:
Gozag
Makhleb

Shops:
D:1 [==?

Annotations:
D:4 3 runed translucent doors, gelatine's ghost, novice DsFE
D:6 3 runed translucent doors, Adrian566's ghost, novice DsFi; Duvessa; ystael's ghost, amateur MiFi


Message History

You punch Duvessa, but do no damage.
Duvessa is moderately wounded.
You feel sick.
Duvessa says, "When magic and the sword combine, nothing stands against them."
Duvessa barely misses you.
You barely miss Duvessa.
Duvessa is heavily wounded.
You feel sick.
Dowan says, "Magic and the sword, together, will defeat you."
Duvessa barely misses you. x2
You completely miss Duvessa.
Duvessa is heavily wounded.
You feel sick. Duvessa hits you with a +0 short sword!
You barely miss Duvessa.
Duvessa is severely wounded.
You feel sick. Duvessa closely misses you.
You closely miss Duvessa.
Duvessa is severely wounded.
You feel sick.
You are no longer poisoned.
You kill Dowan!
Beogh accepts your kill.
Duvessa weeps, and shakes her weapon.
Duvessa goes berserk!
Duvessa hits you but does no damage.
Your Invocations skill increases to level 2!
You closely miss Duvessa.
Duvessa is severely wounded.
Duvessa hits you with a +0 short sword. Duvessa attacks as you move away!
Duvessa hits you with a +0 short sword!
* * * LOW HITPOINT WARNING * * *
Duvessa barely misses you.
There is a fountain of clear blue water here.
You hit Duvessa but do no damage.
Duvessa looks as sick as possible!
Duvessa is severely wounded.
Duvessa barely misses you. Duvessa hits you with a +0 short sword.
* * * LOW HITPOINT WARNING * * *
You barely miss Duvessa.
Duvessa is almost dead.
Duvessa hits you with a +0 short sword!
You die...

######.......######..............
###.........................
###### #.#.)..)....(.#...........
.....###.(.......#..#######.#####
.....#...######.##### ##..#
.........# #.# ###..## ......####
###.### #...## ......#### ###'###
#..### .........#####⌠.@#####.##
.....###.....'.>.e.)..)# ######
#######⌠.⌠#####.# ####### #.
###.### #. #.# #e #.# #.. #


You could see Duvessa (berserk, extremely poisoned).

Vanquished Creatures
  Pikel (D:6)
  A slime creature (D:6)
  Sigmund (D:2)
  A water moccasin (D:5)
  Edmund (D:6)
  3 ice beasts
  2 ogres
  A centaur (D:5)
  3 lemures (D:6)
  A phantom (D:5)
  3 kobold brigands (D:6)
  A bullfrog (D:6)
  2 scorpions
  A necrophage (D:5)
  Dowan (D:6)
  5 jellies
  2 gnoll boudas (D:4)
  2 hounds
  3 iguanas (D:5)
  2 orc wizards (D:3)
  10 gnolls
  9 adders
  A shadow imp (D:5)
  2 white imps (D:6)
  An ufetubus (D:4)
  2 worms
  3 dart slugs
  6 orcs
  10 ball pythons
  12 endoplasms
  A giant cockroach (D:4)
  3 goblins
  9 hobgoblins
  5 quokkas
  4 bats
  A frilled lizard (D:2)
  17 kobolds
  3 rats
136 creatures vanquished.

Vanquished Creatures (collateral kills)
  A foxfire (D:6)
1 creature vanquished.

Vanquished Creatures (others)
  536 foxfires
  8 fungi (D:6)
  8 toadstools (D:6)
552 creatures vanquished.

Grand Total: 689 creatures vanquished

Notes
Turn   | Place    | Note
-------+----------+-------------------------------------------
     0 | D:1      | LustLizard the Hill Orc Fire Elementalist began the quest
                  | for the Orb.
     0 | D:1      | Reached XP level 1. HP: 14/14 MP: 3/3
    18 | D:1      | Found Sygagg's Jewellery Boutique.
   113 | D:1      | Found a faded altar of an unknown god.
   546 | D:1      | Found Cialekhe's Magic Scroll Boutique.
   572 | D:1      | Found Nutsul's Jewellery Shop.
   582 | D:1      | Found Asoiton's Armour Shoppe.
   590 | D:1      | Reached XP level 2. HP: 22/22 MP: 0/4
  1209 | D:2      | Reached XP level 3. HP: 27/27 MP: 2/5
  1230 | D:2      | Reached skill level 1 in Fighting
  1509 | D:2      | Identified the ring of Sesot {rElec Will++ rCorr Int+6
                  | SInv}
  1674 | D:2      | Reached XP level 4. HP: 35/35 MP: 3/6
  1835 | D:2      | Got the Papyrus of Deathly Shaping
  1972 | D:2      | Noticed Sigmund
  1979 | D:2      | Killed Sigmund
  1980 | D:2      | Reached skill level 4 in Fire Magic
  1980 | D:2      | Reached XP level 5. HP: 30/41 MP: 0/8
  2188 | D:2      | Learned a level 3 spell: Conjure Flame
  2339 | D:3      | Reached XP level 6. HP: 45/48 MP: 5/9
  2572 | D:3      | Noticed an ice beast
  2595 | D:3      | Killed an ice beast
  3199 | D:3      | Found a burning altar of Makhleb.
  3350 | D:3      | Reached skill level 5 in Fire Magic
  3861 | D:3      | Reached XP level 7. HP: 56/56 MP: 4/10
  4938 | D:4      | Found a runed translucent gate.
  4939 | D:4      | Found a runed translucent gate.
  4939 | D:4      | Found a runed translucent gate.
  4940 | D:4      | Noticed gelatine's ghost (novice DsFE)
  5258 | D:4      | Found an opulent altar of Gozag.
  5509 | D:5      | Entered Level 5 of the Dungeon
  5710 | D:5      | Became a worshipper of Beogh the Brigand
  6069 | D:5      | Reached XP level 8. HP: 46/63 MP: 9/12
  6071 | D:5      | Reached skill level 6 in Fire Magic
  6495 | D:5      | Reached skill level 5 in Conjurations
  7056 | D:6      | Noticed Duvessa
  7056 | D:6      | Noticed Dowan
  7114 | D:6      | Reached skill level 7 in Fire Magic
  7240 | D:6      | Reached * piety under Beogh
  7303 | D:6      | Noticed Pikel
  7318 | D:6      | Found a runed translucent gate.
  7318 | D:6      | Found a runed translucent gate.
  7318 | D:6      | Found a runed translucent gate.
  7318 | D:6      | Noticed ystael's ghost (amateur MiFi)
  7319 | D:6      | Noticed Adrian566's ghost (novice DsFi)
  7706 | D:6      | Killed Pikel
  7707 | D:6      | Reached skill level 5 in Fighting
  7707 | D:6      | Reached XP level 9. HP: 5/74 MP: 7/14
  8038 | D:6      | Found a staircase to the Ecumenical Temple.
  8072 | D:6      | Noticed Edmund
  8081 | D:6      | Killed Edmund
  8082 | D:6      | Reached skill level 8 in Fire Magic
  9013 | D:6      | Reached skill level 1 in Invocations
  9013 | D:6      | Reached skill level 1 in Evocations
  9363 | D:7      | Noticed a hornet
  9393 | D:7      | Noticed a troll
  9561 | D:6      | Killed Dowan
  9565 | D:6      | Slain by Duvessa

Illustrated notes

Levels and vault maps discovered:
D:1:      sevenhm_arrival_forest_fort_small_3, layout_loops_ring, serial_shops,
          shop, nicolae_shop_hallway_plus, nicolae_diamond_shop,
          nicolae_shop_temple_entry_statues_fountains,
          chequers_ecumenical_altar_island
D:2:      minmay_alternating_diamond, layout_basic, uniq_sigmund
D:3:      layout_loops_ring, bloody_makhleb
D:4:      layout_basic, kennysheep_little_box, ebering_ghost_rock_garden,
          serial_co_window_serial, co_window_corner_a, co_window_paths_a,
          co_window_of_opportunity_a, co_window_paths_a, co_window_paths_a,
          co_window_cross_2, co_window_unsneaky_path_c, co_window_broadway_a,
          co_window_corner_ca, co_window_of_opportunity_c, co_window_4corner_b
D:5:      layout_loops_corners
D:6:      cheibrodos_fertilizer, layout_rooms, temple_doors_e,
          gammafunk_ghost_cemetery, uniq_pikel, uniq_edmund, uniq_duvessa
D:7:      layout_basic, lemuel_doored_altar

Skill      XL: |  1  2  3  4  5  6  7  8  9 |
---------------+----------------------------+-----
Stealth        | 2 3 4 |  4.0
Fighting       | 1 2 3 5 |  5.6
Conjurations   | 2 3 4 6 7 |  7.0
Spellcasting   | 2 3 4 |  4.0
Fire Magic     | 4 5 7 8 |  8.4
Invocations    | 2 |  2.0
Evocations     | 1 |  1.2
Dodging        | |  1.5

Action                   |  1- 3 |  4- 6 |  7- 9 || total
-------------------------+-------+-------+-------++-------
Melee: Unarmed           |     8 |       |       ||     8
       Dagger            |    19 |    17 |     6 ||    42
       Punch             |     2 |       |     1 ||     3
       Spear             |       |       |   103 ||   103
 Cast: Foxfire           |    47 |    62 |   199 ||   308
Invok: Convert to Beogh  |       |       |     1 ||     1
  Use: Scroll            |       |     5 |     2 ||     7
 Stab: Sleeping          |     1 |       |     4 ||     5
Armor: Robe              |     1 |       |     2 ||     3
       Leather armour    |     5 |     8 |    13 ||    26
Dodge: Dodged            |    15 |    27 |    69 ||   111
